 Dungeon Crawl Stone Soup version 0.31.0-11-ge490571c62 (webtiles) character file.

Game seed: 16855120507213753526

607 RBrandon the Ducker (level 6, -1/46 HPs)
             Began as a Demigod Artificer on Jan 27, 2024.
             Shot with an arrow by a centaur (12 damage)
             ... on level 6 of the Dungeon.
             The game lasted 00:05:02 (2834 turns).

RBrandon the Ducker (Demigod Artificer)             Turns: 2834, Time: 00:05:03

Health: -1/46      AC:  3    Str: 13    XL:     6   Next: 99%
Magic:  8/8        EV: 17    Int: 13    God:
Gold:   244        SH:  0    Dex: 22    Spells: 5/5 levels left

rFire   + + .        e - +4 dagger (venom)
rCold   . . .        (no shield)
rNeg    + . .        b - +0 leather armour
rPois   .            (no helmet)
rElec   .            (no cloak)
rCorr   .            (no gloves)
SInv    .            (no boots)
Will    .....        i - amulet of regeneration
Stlth   ++           o - ring "Ofaosteg" {rF++ rN+ Slay+2}
HPRegen 1.07/turn    (no ring)
MPRegen 0.11/turn

%: no passive effects
@: no status effects
A: high MP 1, forlorn, divine attributes
a: no special abilities


You were on level 6 of the Dungeon.
You visited 1 branch of the dungeon, and saw 5 of its levels.

You collected 244 gold pieces.

Inventory:

Hand Weapons
 a - a +0 club
 e - a +4 dagger of venom (weapon)
   (You took it off an orc wizard on level 6 of the Dungeon)
 h - a +2 short sword of venom
   (You took it off a kobold on level 1 of the Dungeon)
 q - the +3 dagger "Kemalu" {flame, rN+ Int+4}
   (You found it on level 2 of the Dungeon)

   Int+4:     It affects your intelligence (+4).
   rN+:       It protects you from negative energy.
Armour
 b - a +0 leather armour (worn)
Jewellery
 i - an amulet of regeneration (around neck)
 o - the ring "Ofaosteg" (left hand) {rF++ rN+ Slay+2}
   (You found it on level 2 of the Dungeon)

   [ring of positive energy]

   Slay+2:    It affects your accuracy & damage with ranged weapons and melee
   (+2).
   rF++:      It greatly protects you from fire.
   rN+:       It protects you from negative energy.
Talismans
 f - a flux talisman
Wands
 c - a wand of flame (14) (quivered)
 d - a wand of charming (15)
 t - a wand of paralysis (3)
Scrolls
 g - 5 scrolls of identify {unknown}
 j - 2 scrolls of enchant weapon {unknown}
 l - 2 scrolls of immolation {unknown}
 m - a scroll of enchant armour {unknown}
 p - 2 scrolls of fear {unknown}
Potions
 k - a potion of haste {unknown}
 n - a potion of resistance {unknown}
 r - a potion of invisibility {unknown}
 u - a potion of ambrosia {unknown}


   Skills:
 - Level 0.8 Fighting
 - Level 1.7 Armour
 + Level 7.1 Dodging
 - Level 0.9 Stealth
 - Level 2.7 Evocations


You had 5 spell levels left.
You didn't know any spells.
Your spell library contained the following spells:

 Spells                   Type           Power      Damage    Failure   Level
 Stone Arrow              Conj/Erth      0%         3d7       75%         3
 Animate Armour           Summ/Erth      0%         N/A       98%         4
 Lehudib's Crystal Spear  Conj/Erth      0%         10d2      100%        8


Dungeon Overview and Level Annotations

Branches:
Dungeon (6/15)
 Temple: D:4-7


Innate Abilities, Weirdness & Mutations

You have an increased reservoir of magic. (+10% MP)
You shall have no god before yourself.
Your divine heritage dramatically boosts your attributes as you level up.


Message History

The sky beast is lightly wounded.
The sky beast barely misses you. The steam dragon breathes steam at you.
The ball of steam hits you. You resist.
You hear a shout!
You puncture the sky beast!
The sky beast looks as sick as possible!
The sky beast is moderately wounded.
The sky beast barely misses you.
A centaur comes into view.
The centaur shouts!
The centaur wields a +0 orcbow.
The centaur shoots an arrow.
The arrow hits you!
The steam dragon attacks as it pursues you!
The steam dragon barely misses you. The steam dragon closely misses you.
The centaur shoots an arrow.
The arrow misses you.
You closely miss the steam dragon. The steam dragon bites you.
The steam dragon misses you.
Okay, then.
Aiming: Paralyse
Press: ? - help, Shift-Dir - straight line, f - steam dragon
Aim: a steam dragon (steam, chance to affect: 55%)
The steam dragon suddenly stops moving!
The sky beast hits you.
* * * LOW HITPOINT WARNING * * *
The sky beast shocks you.
* * * LOW HITPOINT WARNING * * *
The helpless steam dragon fails to defend itself.
You puncture the steam dragon!
The steam dragon looks as sick as possible!
The steam dragon is heavily wounded.
The sky beast barely misses you.
The helpless steam dragon fails to defend itself.
You puncture the steam dragon!
The steam dragon looks as sick as possible!
The steam dragon is almost dead.
You kill the sky beast!
The centaur shoots an arrow.
The arrow hits you!
* * * LOW HITPOINT WARNING * * *
The centaur shoots an arrow.
The arrow hits you!
You die...

##### #.#.#.............#
....# #.#.#.##.#.######.#
....#####.#.#....#........#
##...†.##.#.#....##########
.##†).................#
..#.....(.#.####.####+###
..##......#......#....?..
..##.#[########..#.......
.##'..........#.@#§......
..###...#####.#.†D....#
#...# #.#......##
#...#####.#c###......
####...#.....#.# ......
#.....##.#####.# .....
##.....'..# #. .....
.#.)...#### #. .###
.+.....# .#


You could see a steam dragon (paralysed, extremely poisoned) and a centaur.

Vanquished Creatures
  A wyvern (D:6)
  2 sky beasts (D:6)
  An ogre (D:6)
  A kobold brigand (D:6)
  2 hounds (D:6)
  An orc wizard (D:6)
  4 adders
  2 white imps (D:6)
  A ribbon worm (D:2)
  A dart slug (D:1)
  7 orcs (D:6)
  3 bats
  5 endoplasms
  A giant cockroach (D:1)
  5 goblins
  6 hobgoblins
  8 jackals
  14 kobolds
  2 quokkas (D:1)
  3 ball pythons (D:1)
  3 rats
73 creatures vanquished.

Notes
Turn   | Place    | Note
-------+----------+-------------------------------------------
     0 | D:1      | RBrandon the Demigod Artificer began the quest for the Orb.
     0 | D:1      | Reached XP level 1. HP: 15/15 MP: 3/3
   193 | D:1      | Reached skill level 1 in Dodging
   362 | D:1      | Reached skill level 2 in Dodging
   362 | D:1      | Reached XP level 2. HP: 22/22 MP: 4/4
   892 | D:1      | Reached XP level 3. HP: 27/27 MP: 5/5
  1155 | D:2      | Identified the ring "Ofaosteg" {rF++ rN+ Slay+2}
  1194 | D:2      | Reached skill level 3 in Dodging
  1234 | D:2      | Identified the +3 dagger "Kemalu" {flame, rN+ Int+4}
  2106 | D:3      | Reached XP level 4. HP: 34/34 MP: 6/6
  2504 | D:4      | You fall into a shaft and drop 2 floors!
  2510 | D:6      | Noticed a kobold brigand
  2510 | D:6      | Noticed a wyvern
  2513 | D:6      | Killed a kobold brigand
  2514 | D:6      | Reached skill level 4 in Dodging
  2517 | D:6      | Reached XP level 5. HP: 24/39 MP: 7/7
  2523 | D:6      | Killed a wyvern
  2524 | D:6      | Reached skill level 5 in Dodging
  2524 | D:6      | Reached XP level 6. HP: 20/46 MP: 8/8
  2545 | D:6      | Reached skill level 6 in Dodging
  2687 | D:6      | Reached skill level 7 in Dodging
  2827 | D:6      | Noticed a steam dragon
  2834 | D:6      | Shot with an arrow by a centaur

Illustrated notes

Levels and vault maps discovered:
D:1:      dpeg_arrival_circle_labyrinth_b, layout_basic
D:2:      layout_basic
D:3:      layout_loops_ring, grunt_qazlal_sundering,
          mainiacjoe_overflow_cross_hatched
D:4:      layout_basic, lemuel_round_altar, gup_sewer_entry_glass
D:6:      layout_basic, marbit_many_paths, gammafunk_temple_overflow_forgotten

Skill      XL: |  1  2  3  4  5  6 |
---------------+-------------------+-----
Dodging        | 2 3 4 5 7 |  7.1
Fighting       | |  0.8
Armour         | |  1.7
Stealth        | |  0.9
Evocations     | |  2.7

Action                     |  1- 3 |  4- 6 || total
---------------------------+-------+-------++-------
  Melee: Short sword       |   101 |    51 ||   152
         Club              |    10 |       ||    10
         Punch             |     2 |       ||     2
         Dagger            |       |     5 ||     5
  Evoke: Wand              |     1 |    10 ||    11
    Use: Potion            |       |     2 ||     2
   Stab: Sleeping          |     2 |     1 ||     3
         Paralysed         |       |    11 ||    11
 Armour: Leather armour    |    51 |    36 ||    87
  Dodge: Dodged            |    73 |    43 ||   116

Levels and vault maps discovered:
D:1:      dpeg_arrival_circle_labyrinth_b, layout_basic
D:2:      layout_basic
D:3:      layout_loops_ring, grunt_qazlal_sundering,
          mainiacjoe_overflow_cross_hatched
D:4:      layout_basic, lemuel_round_altar, gup_sewer_entry_glass
D:6:      layout_basic, marbit_many_paths, gammafunk_temple_overflow_forgotten

Table legend: (Time is in decaauts)
 A = Elapsed time spent in this place.
 B = Non-inter-level travel time spent in this place.
 C = Inter-level travel time spent in this place.
 D = Time resting spent in this place.
 E = Time spent auto-exploring this place.
 F = Levels seen in this place.
 G = Mean time per level.
                   A        B        C        D        E       F      G
               +--------+--------+--------+--------+--------+-----+--------+
         Total |   2834 |   2744 |     90 |    100 |   2097 |   5 |  566.8 |
       Dungeon |   2834 |   2744 |     90 |    100 |   2097 |   5 |  566.8 |
               +--------+--------+--------+--------+--------+-----+--------+

Top non-repeatable levels by time:
     D:1: 954 daAuts
     D:2: 876 daAuts
     D:3: 565 daAuts
     D:6: 329 daAuts
     D:4: 108 daAuts

Table legend:
 A = Kills in this place as a percentage of kills in the entire game.
 B = Kills by you in this place as a percentage of kills by you in the entire game.
 C = Kills by friends in this place as a percentage of kills by friends in the entire game.
 D = Other kills in this place as a percentage of other kills in the entire game.
 E = Experience gained in this place as a percentage of experience gained in the entire game.
 F = Experience gained in this place divided by the number of levels of this place that you have seen.
                   A       B       C       D       E      F
               +-------+-------+-------+-------+-------+----------------------
         Total | 100.0 | 100.0 |   N/A |   N/A | 100.0 | 200.2
       Dungeon | 100.0 | 100.0 |   N/A |   N/A | 100.0 | 200.2
               +-------+-------+-------+-------+-------+----------------------
